 Dungeon Sprint DCSS version 0.19.0-24-gb05acd6 (webtiles) character file.

20993 igo the Peltast (level 13, -2/119 HPs)
             Began as a Formicid Fighter on Nov 21, 2016.
             Was the Champion of Makhleb.
             Killed from afar by an ice dragon (illusionary) (39 damage)
             ... with a blast of cold
             ... in the Dungeon (Sprint IX: "|||||||||||||||||||||||||||||").
             The game lasted 00:12:09 (1510 turns).

igo the Peltast (Formicid Fighter)                  Turns: 1510, Time: 00:12:10

Health: -2/119     AC: 25    Str: 26    XL:     13   Next: 16%
Magic:  13/13      EV: 13    Int:  8    God:    Makhleb [******]
Gold:   1430       SH: 22    Dex: 10    Spells: 0 memorised, 12 levels left

rFire  . . .     SeeInvis +     o - +4 halberd (vamp)
rCold  . . .     Gourm    .     R - +4 chain mail {rN+}
rNeg   + . .     Faith    .     P - +1 large shield
rPois  +         Spirit   .     (helmet unavailable)
rElec  .         Reflect  .     S - +1 cloak
rCorr  .         Harm     .     y - +1 pair of gloves
MR     ++...                    f - +0 pair of boots
Stlth  ..........               w - amulet of regeneration
                                N - ring of poison resistance
                                L - ring of protection from magic

@: no status effects
A: permanent stasis, dig shafts and tunnels, four strong arms, antennae 3
a: Dig, Minor Destruction, Lesser Servant of Makhleb, Major Destruction, Greater
Servant of Makhleb, Renounce Religion


You were in the Dungeon.
You worshipped Makhleb.
Makhleb was exalted by your worship.
You were not hungry.

You visited 1 branch You collected 1917 gold pieces.
You spent 487 gold pieces at shops.

Inventory:

Hand Weapons
 a - a +0 quarterstaff
 o - a +4 vampiric halberd (weapon)
 p - a +4 quarterstaff of speed
 q - the +9 sword of Zonguldrok {reap}
   (You found it in the Dungeon)

   If a monster killed with it leaves a corpse in good enough shape, the corpse
   will be animated as a zombie friendly to the killer.
 G - a +0 glaive
 O - a +1 long sword of holy wrath
Armour
 b - a +0 scale mail
 c - a +0 shield
 f - a +0 pair of boots (worn)
 g - a +0 troll leather armour
 r - a +1 chain mail
 y - a +1 pair of gloves (worn)
 E - a +0 cloak
 F - a +0 pair of gloves
 H - a +0 plate armour
 P - a +1 large shield (worn)
 Q - quicksilver dragon scales
 R - a +4 chain mail of positive energy (worn)
 S - a +1 cloak (worn)
 T - +1 ice dragon scales
Jewellery
 s - a +3 ring of strength
 t - a +2 ring of evasion
 w - an amulet of regeneration (around neck)
 L - a ring of protection from magic (left hand)
 M - an uncursed ring of ice
 N - a ring of poison resistance (right hand)
Wands
 n - a wand of acid (8/15)
Scrolls
 k - 2 scrolls of blinking
 l - 7 scrolls of remove curse
 m - 2 scrolls of amnesia
 z - 3 scrolls of identify
 B - 2 scrolls of fog
 I - 2 scrolls of fear
 K - 2 scrolls of recharging
Potions
 d - 2 potions of brilliance
 e - 8 potions of curing
 h - 3 potions of haste
 i - 4 potions of magic
 j - a potion of berserk rage
 u - 4 potions of heal wounds
 v - a potion of resistance
 U - a potion of might
Miscellaneous
 x - a phial of floods
Comestibles
 A - 40 fruits
 C - 12 bread rations
 D - 12 meat rations
 J - 6 chunks of flesh


   Skills:
 + Level 16.6 Fighting
 - Level 15.9(16.3) Polearms
 - Level 6.4(12.2) Staves
 + Level 16.5 Armour
 + Level 8.9 Dodging
 - Level 16.7 Shields


You had 12 spell levels left.
You didn't know any spells.

Dungeon Overview and Level Annotations

Branches:
Dungeon (1/1)

Altars:
Cheibriados
Dithmenos
Elyvilon
Fedhas
Gozag
Hepliaklqana
Kikubaaqudgha
Makhleb
Nemelex Xobeh
Okawaru
Qazlal
Ru
Sif Muna
Trog
Uskayaw
Vehumet
Xom
Yredelemnul
Zin
The Shining One
Beogh
Jiyva
Lugonu

Shops:
D (*(?


Innate Abilities, Weirdness & Mutations

You are under a permanent stasis effect.
You can dig through walls and to a lower floor.
Your four strong arms can wield two-handed weapons with a shield.
You have a pair of large antennae on your head. (SInv)


Message History

You block the ice dragon's attack. x3
You closely miss the ice dragon.
The ice dragon is heavily wounded.
You block the ice dragon's attack. x2
The ice dragon tramples you but does no damage.
You slash the ice dragon!
The ice dragon is heavily wounded.
You block the ice dragon's attack.
The ice dragon claws you but does no damage.
The ice dragon tramples you but does no damage.
You closely miss the ice dragon.
The ice dragon is heavily wounded.
The ice dragon breathes frost at you.
The blast of cold hits the ice dragon.
The ice dragon resists.
The blast of cold hits you!
You hit the ice dragon.
The ice dragon is heavily wounded.
The ice dragon breathes frost at you. The blast of cold hits you!
You die...

†.........††.÷......().'....[...'
▓▓▓▓▓▓▓▓▓▓▓▓▓▓▓▓▓▓▓▓▓▓▓▓▓▓▓▓▓▓▓▓▓
.................................
▓▓▓▓▓▓▓▓▓▓▓▓▓▓▓▓▓▓▓▓▓▓▓▓▓▓▓▓▓▓▓▓▓
....(...())))..∩.∩.∩)∩.....'.....
▓▓▓▓▓▓▓▓▓▓▓▓▓▓▓▓▓▓▓▓▓▓▓▓▓▓▓▓▓▓▓▓▓
............................)....
▓▓▓▓▓▓▓▓▓▓▓▓▓▓▓▓▓▓▓▓▓▓▓▓▓▓▓▓▓▓▓▓▓
[........)()....@DDDyR... {
▓▓▓▓▓▓▓▓▓▓▓▓▓▓▓▓▓▓▓▓▓▓▓▓▓ {


{{{{ {{{{{{{{{ {{{{{{{{{ You could see 3 ice dragons, a rakshasa and a spark
wasp.

Vanquished Creatures
  A frost giant (D)
  A stone giant (D)
  Josephine (D)
  A great orb of eyes (D)
  2 catoblepae (D)
  3 death yaks (D)
  3 orc high priests (D)
  A hill giant (D)
  4 orc sorcerers (D)
  3 orc knights (D)
  A deep elf mage (D)
  A manticore (D)
  2 cyclopes (D)
  Psyche (D)
  3 spiny frogs (D)
  A komodo dragon (D)
  A yaktaur (D)
  A troll (D)
  A polar bear (D)
  A polar bear (shapeshifter) (D)
  2 blink frogs (D)
  A hippogriff (D)
  7 yaks (D)
  A wyvern (D)
  5 wraiths (D)
  3 hungry ghosts (D)
  A vampire mosquito (D)
  2 soldier ants (D)
  3 porcupines (D)
  12 orc warriors (D)
  A sky beast (D)
  A wolf (D)
  An ice beast (D)
  A crocodile (D)
  2 bullfrogs (D)
  A killer bee (D)
  2 orc priests (D)
  4 orc wizards (D)
  A worker ant (D)
  2 shadow imps (D)
  An adder skeleton (D)
  A dart slug (D)
  10 orcs (D)
  A goblin (D)
  A kobold (D)
  2 ball pythons (D)
  A frilled lizard (D)
  A rat (D)
104 creatures vanquished.

Notes
Turn   | Place    | Note
-------+----------+-------------------------------------------
     0 | D        | igo the Formicid Fighter began the quest for the Orb.
     0 | D        | Reached XP level 1. HP: 18/18 MP: 1/1
    15 | D        | Reached XP level 2. HP: 23/25 MP: 2/2
    23 | D        | Noticed an ice beast
    32 | D        | Reached XP level 3. HP: 31/31 MP: 3/3
    33 | D        | Reached skill level 5 in Shields
    37 | D        | Killed an ice beast
    37 | D        | Reached skill level 5 in Fighting
    37 | D        | Reached skill level 5 in Armour
    37 | D        | Reached XP level 4. HP: 40/40 MP: 4/4
    37 | D        | Reached XP level 5. HP: 46/46 MP: 5/5
    45 | D        | Found a roughly hewn altar of Beogh.
    45 | D        | Found a snail-covered altar of Cheibriados.
    45 | D        | Found a shadowy altar of Dithmenos.
    45 | D        | Found a white marble altar of Elyvilon.
    45 | D        | Found a blossoming altar of Fedhas.
    45 | D        | Found an opulent altar of Gozag.
    46 | D        | Found a hazy altar of Hepliaklqana.
    47 | D        | Found a viscous altar of Jiyva.
    48 | D        | Found an ancient bone altar of Kikubaaqudgha.
    49 | D        | Found a corrupted altar of Lugonu.
    50 | D        | Found a burning altar of Makhleb.
    51 | D        | Found a sparkling altar of Nemelex Xobeh.
    52 | D        | Found an iron altar of Okawaru.
    53 | D        | Found a stormy altar of Qazlal.
    54 | D        | Found a sacrificial altar of Ru.
    57 | D        | Found a deep blue altar of Sif Muna.
    58 | D        | Found a bloodstained altar of Trog.
    59 | D        | Found a hide-covered altar of Uskayaw.
    60 | D        | Became a worshipper of Makhleb the Destroyer
    61 | D        | Found a radiant altar of Vehumet.
    62 | D        | Found a shimmering altar of Xom.
    63 | D        | Found a basalt altar of Yredelemnul.
    64 | D        | Found a glowing silver altar of Zin.
    65 | D        | Found a glowing golden altar of the Shining One.
   114 | D        | Noticed a troll
   114 | D        | Noticed an orc warrior
   114 | D        | Noticed a hungry ghost
   114 | D        | Noticed a yak
   125 | D        | Killed a troll
   125 | D        | Reached skill level 5 in Polearms
   125 | D        | Reached XP level 6. HP: 28/55 MP: 6/6
   134 | D        | Killed an orc warrior
   134 | D        | Reached XP level 7. HP: 18/61 MP: 7/7
   149 | D        | Reached * piety under Makhleb
   153 | D        | Killed a hungry ghost
   168 | D        | Killed a yak
   168 | D        | Reached ** piety under Makhleb
   168 | D        | Reached XP level 8. HP: 44/70 MP: 8/8
   234 | D        | Noticed a cyclops
   254 | D        | Reached skill level 10 in Shields
   256 | D        | Killed a cyclops
   256 | D        | Reached skill level 10 in Polearms
   267 | D        | Reached *** piety under Makhleb
   267 | D        | Reached XP level 9. HP: 78/78 MP: 9/9
   268 | D        | Reached skill level 10 in Fighting
   268 | D        | Reached skill level 10 in Armour
   339 | D        | Noticed Josephine
   356 | D        | Killed Josephine
   356 | D        | Reached **** piety under Makhleb
   370 | D        | Reached XP level 10. HP: 71/88 MP: 10/10
   381 | D        | Reached ***** piety under Makhleb
   435 | D        | Noticed a spiny frog
   435 | D        | Noticed a komodo dragon
   439 | D        | Noticed a spiny frog
   441 | D        | Killed a spiny frog
   463 | D        | Killed a komodo dragon
   474 | D        | Killed a spiny frog
   485 | D        | Reached ****** piety under Makhleb
   501 | D        | Noticed a spiny frog
   506 | D        | Killed a spiny frog
   534 | D        | Reached XP level 11. HP: 93/96 MP: 11/11
   569 | D        | Noticed a catoblepas
   569 | D        | Noticed a death yak
   569 | D        | Noticed a death yak
   569 | D        | Noticed a death yak
   575 | D        | Noticed a catoblepas
   585 | D        | Killed a catoblepas
   600 | D        | Killed a death yak
   600 | D        | Reached skill level 15 in Polearms
   600 | D        | Killed a catoblepas
   601 | D        | Killed a death yak
   602 | D        | Killed a death yak
   775 | D        | Noticed a stone giant
   790 | D        | Killed a stone giant
   790 | D        | Reached skill level 15 in Shields
   816 | D        | Reached XP level 12. HP: 107/107 MP: 12/12
  1013 | D        | Found Jyitim's Antique Weapon Emporium.
  1013 | D        | Noticed an orc high priest
  1025 | D        | Noticed an orc high priest
  1028 | D        | Killed an orc high priest
  1028 | D        | Reached skill level 5 in Dodging
  1040 | D        | Reached skill level 15 in Fighting
  1042 | D        | Noticed a sun demon
  1045 | D        | Noticed an orc high priest
  1060 | D        | Killed an orc high priest
  1060 | D        | Reached skill level 15 in Armour
  1061 | D        | Found Nomitug's Assorted Antiques.
  1084 | D        | Killed an orc high priest
  1089 | D        | Found Ydaatoargh's Weapon Emporium.
  1094 | D        | Found Udastrugogh's Magic Scroll Shoppe.
  1107 | D        | Noticed a soul eater
  1137 | D        | Bought a scroll of fog for 24 gold pieces
  1137 | D        | Bought a scroll of fear for 42 gold pieces
  1137 | D        | Bought a scroll of enchant armour for 90 gold pieces
  1141 | D        | Bought a potion of curing for 51 gold pieces
  1141 | D        | Bought a scroll of identify for 34 gold pieces
  1141 | D        | Bought a scroll of recharging for 161 gold pieces
  1141 | D        | Bought a scroll of identify for 34 gold pieces
  1141 | D        | Bought a scroll of remove curse for 51 gold pieces
  1195 | D        | Noticed Psyche
  1202 | D        | Killed Psyche
  1417 | D        | Noticed a frost giant
  1446 | D        | Killed a frost giant
  1446 | D        | Reached XP level 13. HP: 89/117 MP: 13/13
  1483 | D        | Noticed a great orb of eyes
  1484 | D        | Noticed an ice dragon
  1485 | D        | Noticed a rakshasa
  1488 | D        | Noticed an ice dragon
  1491 | D        | Killed a great orb of eyes
  1494 | D        | Noticed a spark wasp
  1510 | D        | Killed from afar by an ice dragon (illusionary)

Skill      XL: |  1  2  3  4  5  6  7  8  9 10 11 12 |
---------------+-------------------------------------+-----
Shields        | 4 6 8 9 10 12 13 15 16 | 16.7
Staves         | 3 4 6 |  6.4
Fighting       | 4 5 7 8 9 11 12 14 16 | 16.6
Armour         | 4 5 7 8 9 11 12 14 16 | 16.5
Polearms       | 5 6 8 10 12 14 15 | 15.9
Dodging        | 2 8 |  8.9

Action                   |  1- 3 |  4- 6 |  7- 9 | 10-12 | 13-15 || total
-------------------------+-------+-------+-------+-------+-------++-------
Melee: Quarterstaff      |    26 |     1 |       |       |       ||    27
       Halberd           |       |    16 |    98 |   395 |    50 ||   559
Evoke: Wand              |       |       |       |     5 |       ||     5
  Use: Potion            |     1 |     4 |       |       |       ||     5
       Scroll            |       |       |       |     4 |       ||     4
 Stab: Invisible         |       |       |     4 |       |       ||     4
  Eat: Bread ration      |       |     1 |       |       |       ||     1
       Chunk             |       |       |     6 |     3 |     1 ||    10
Armor: Scale mail        |     9 |       |       |       |       ||     9
       Chain mail        |       |     5 |    26 |    39 |    10 ||    80
       Plate armour      |       |       |       |    16 |       ||    16
Dodge: Dodged            |     7 |    18 |    17 |    54 |     7 ||   103
Block: Shield            |     8 |    19 |    33 |   133 |       ||   193
       Large shield      |       |       |       |    17 |    27 ||    44
